Cogmind - Beta 16 @@@ ROGUE MODE // 2025.10.25 @ 06:33:55 Player: shapeshifter Result: Destroyed by AG-23564 with Assembled Focal Cannon Performance ------------- Evolutions (3) 1500 Regions Visited (14) 2800 Robots Destroyed (201) 1005 Value Destroyed (8099) 8099 Prototype IDs (52) 1040 Alien Tech Used (1) 200 Bonus (3885) 3885 TOTAL SCORE: 18529 Bonus ------- High Alert Combat Kills 583 Follower Combat Kills 471 Entered Garrisons 200 Aligned with FarCom 300 Met Imprinter 300 Destroyed Z-Imprinter 1000 Triggered Deep Caves Wall 500 Exposed GOLEM Chamber 500 Acquired ECA 300 Friendly Fire -269 Cogmind --------- Core Integrity 0/700 Matter 55/300 Energy 94/100 System Corruption 0% Temperature Cool (14) Movement Walking (200) Ox1 Location -7/Deep Caves Parts ------- > --- POWER (3) -------- Zionite Light DM Reactor > --- PROPULSION (4) --- Zionite Composite Leg I Enhanced Flexi-carbon Leg Assembled Alloy Leg > --- UTILITY (4) ------ Huge Storage Unit Experimental Thermal Shield GOLEM Unit > --- WEAPON (3) ------- (None) > --- INVENTORY (25) --- Experimental Cesium-ion Thruster Experimental Heat Sink Experimental Heat Sink Zionite Biocell (600) Zionite Biocell (600) Superbattery (1500) 0b10 Decoder Chip [Scout] Advanced Particle Charger Zionite Weapon Casing Zionite Weapon Casing Experimental Thermal Shield Hacking Drone Bay (1/1) GOLEM Unit GOLEM Unit Cooled Plasma Cannon Guided EMP Blaster Guided EMP Blaster CR-A16's Pointy Stick Peak State ------------ > --- POWER ------------ Enhanced Fission Core Zionite Light DM Reactor Zionite Light DM Reactor > --- PROPULSION ------- Armored Treads Armored Treads Zionite Composite Leg I Enhanced Flexi-carbon Leg > --- UTILITY ---------- Experimental Heat Sink Experimental Heat Sink Huge Storage Unit Advanced Visual Processing Unit > --- WEAPON ----------- AWS/Autocannon > --- INVENTORY -------- Experimental Cesium-ion Thruster Experimental Cesium-ion Thruster Experimental Cesium-ion Thruster Experimental Heat Sink Zionite Biocell Zionite Biocell Zionite Biocell Superbattery 0b10 Decoder Chip [Looter] 0b10 Decoder Chip [Scout] Advanced Particle Charger Phase Shifter Cloak of Protection Layered Medium Armor Plating Hacking Drone Bay Cooled Plasma Cannon Guided EMP Blaster Guided EMP Blaster Guided EMP Blaster Guided EMP Blaster CR-A16's Pointy Stick [Rating: 105] Favorites ----------- Power Enhanced Fission Core Engine Heavy Ion Engine Power Core Enhanced Fission Core Reactor Zionite Light DM Reactor Propulsion Light Treads Treads Light Treads Leg Enhanced Flexi-carbon Leg Wheel Wheel Hover Unit Zionite Glidesys I Flight Unit Biomechanical Wings Utility Huge Storage Unit Device Advanced Heat Sink Storage Huge Storage Unit Processor Improved Signal Interpreter Hackware Hacking Suite Protection Improved Medium Armor Plating Weapon Gatling Laser Energy Gun Gatling Laser Energy Cannon Cooled Plasma Cannon Ballistic Gun Enhanced Autogun Ballistic Cannon AWS/Autocannon Launcher Guided EMP Blaster Piercing Weapon CR-A16's Pointy Stick Build | -11 -10 -10 -10 -9 -8 -8 -8 -7 -7 -7 -7 -7 -7 -7 ------- Run | Yrd Mat Min Exi Min Mat Sto Gar Fac Was Fac Low Low Zio Dee Slots Evolved 6 | . . . . . 4 . . 2 . . . . . . Power 1 | . . . . . 1 . . . . . . . . . Propulsion 2 | . . . . . 1 . . 1 . . . . . . Utility 2 | . . . . . 1 . . 1 . . . . . . Weapon 1 | . . . . . 1 . . . . . . . . . Parts Attached 136 | 7 7 1 3 . 34 4 12 6 6 21 3 1 5 26 Power 20 | 1 2 . . . 6 . 1 1 . 4 . 1 . 4 Engine 10 | 1 2 . . . 4 . 1 1 . 1 . . . . Core 6 | . . . . . 2 . . . . 3 . 1 . . Reactor 4 | . . . . . . . . . . . . . . 4 Propulsion 36 | 2 2 . 2 . 11 1 4 3 2 2 2 . . 5 Treads 27 | 2 2 . . . 10 1 4 3 2 . 2 . . 1 Leg 2 | . . . . . . . . . . . . . . 2 Wheel 3 | . . . 2 . 1 . . . . . . . . . Hover 2 | . . . . . . . . . . . . . . 2 Flight 2 | . . . . . . . . . . 2 . . . . Utility 40 | 2 2 1 1 . 8 1 2 1 2 5 1 . 3 11 Device 18 | 1 . . . . 3 . 2 1 1 2 1 . 2 5 Storage 8 | 1 2 1 1 . . . . . 1 . . . . 2 Processor 2 | . . . . . . . . . . 1 . . 1 . Hackware 2 | . . . . . 1 1 . . . . . . . . Protection 10 | . . . . . 4 . . . . 2 . . . 4 Artifact . | . . . . . . . . . . . . . . . Weapon 40 | 2 1 . . . 9 2 5 1 2 10 . . 2 6 Energy Gun 13 | 1 . . . . . . 3 1 2 2 . . . 4 Energy Cannon 3 | . . . . . . . . . . 3 . . . . Ballistic Gun 18 | 1 1 . . . 9 2 2 . . 3 . . . . Ballistic Cannon 1 | . . . . . . . . . . 1 . . . . Launcher 4 | . . . . . . . . . . 1 . . 1 2 Special Weapon . | . . . . . . . . . . . . . . . Impact Weapon . | . . . . . . . . . . . . . . . Slashing Weapon . | . . . . . . . . . . . . . . . Piercing Weapon 1 | . . . . . . . . . . . . . 1 . Special Melee Weapon . | . . . . . . . . . . . . . . . Unidentified Prototypes 28 | . . . . . 2 . . 1 . 9 . 1 1 14 Parts Lost 29 | . 2 . . . 2 2 3 4 . 2 1 . . 13 Power 8 | . 2 . . . 1 . . . . 1 . . . 4 Propulsion 9 | . . . . . . 1 1 3 . . 1 . . 3 Utility 4 | . . . . . 1 . 1 . . . . . . 2 Weapon 8 | . . . . . . 1 1 1 . 1 . . . 4 Highest Loss Streak 6 | . 1 . . . 1 2 2 2 . 1 1 . . 6 To Critical Strikes . | . . . . . . . . . . . . . . . Average Backups 17 | 3 8 10 14 13 17 17 17 17 18 19 17 17 18 19 Power . | . . 1 3 1 . . 1 . 1 1 1 . . . Propulsion 2 | 1 2 2 1 . 2 3 2 1 . 3 3 3 3 2 Utility 7 | . 4 5 7 9 9 8 5 4 6 6 6 6 5 11 Weapon 5 | . 1 2 2 3 4 3 8 10 10 6 6 5 7 5 Tool/Special . | . . . . . . . . . . . . . . . Unused Backups 56 | . 2 . 3 . 19 . 6 . 1 10 1 1 . 13 Power 7 | . 1 . 3 . 2 . . . . 1 . . . . Propulsion 2 | . . . . . . . . . . . . . . 2 Utility 31 | . . . . . 11 . 5 . . 4 . 1 . 10 Weapon 11 | . 1 . . . 5 . . . 1 4 . . . . Tool/Special 5 | . . . . . 1 . 1 . . 1 1 . . 1 Average Slot Usage (%) 86 | . 99 100 99 100 90 89 89 96 88 83 89 88 63 81 Engine 5 | . 13 14 14 14 4 9 9 14 15 5 . . . . Core 6 | . . . . . 5 . . . . 9 15 14 8 10 Reactor 1 | . . . . . . . . . . . . . . 7 Treads 21 | . 27 28 22 . 24 26 26 27 19 14 20 22 21 15 Leg 1 | . . . . . . . . . . . . . . 8 Device 11 | . 14 14 14 14 4 4 17 22 23 13 7 7 8 10 Storage 8 | . 14 14 14 14 9 9 9 7 7 7 7 7 7 7 Processor 3 | . . . . . . . . . . 3 7 7 7 6 Protection 4 | . . . . . 8 1 . . . 5 7 6 5 3 Energy Gun 6 | . 14 14 14 14 . . 20 23 23 7 . . . 1 Energy Cannon 2 | . . . . . . . . . . 4 7 7 2 2 Ballistic Gun 9 | . 13 14 14 14 26 26 6 . . 8 15 14 . . Peak Build Rating 105 | 7 8 8 13 13 36 40 43 53 69 89 87 78 71 105 Average Rating 56 | 5 7 8 9 13 32 38 40 50 57 80 79 76 57 92 On Entrance 38 | . 7 8 8 13 13 36 39 42 47 69 85 78 58 71 Avg Prop Armor Cover (%) 8 | . . . . . 8 . . . . . . . . 8 Naked Turns . | . . . . . . . . . . . . . . . Heaviest Build 189 | 14 49 49 29 29 62 61 63 74 115 169 135 134 115 189 Greatest Support 140 | 40 40 40 40 20 62 62 62 82 140 140 140 110 110 110 Greatest Overweight (x) 9 | . 1 1 1 1 2 1 1 1 1 1 1 1 1 9 Average Overweight (x) . | . . . . 1 . . . . . . . 1 . 2 Largest Inventory Capacity 25 | 8 20 20 15 15 20 20 20 20 25 25 25 25 25 25 Average Capacity 22 | 7 18 18 15 15 19 20 20 20 20 25 25 25 25 25 Most Carried 25 | 6 11 11 15 15 20 20 20 20 22 25 25 25 25 25 Average Carried 20 | 3 8 10 14 15 19 19 19 19 20 24 23 23 24 24 Final Capacity 25 | 8 20 15 15 15 20 20 20 20 25 25 25 25 25 25 Final Carried 25 | 5 10 11 15 15 20 19 20 20 22 25 23 23 24 22 Class Distribution -------------------- 23% | Mutant 19% | Tank 18% | Scavenger-Tank 16% | Scavenger-Skirmisher 8% | Scavenger-Gunner 5% | Gunner 4% | Scavenger-Mutant Dominant Class ---------------- Mutant | -10/Materials Mutant | -10/Mines Mutant | -10/Exiles Mutant | -9/Mines Scavenger-Skirmisher | -8/Materials Scavenger-Gunner | -8/Storage Gunner | -8/Garrison Scavenger-Gunner | -7/Factory Scavenger-Tank | -7/Waste Tank | -7/Factory Tank | -7/Lower Caves Tank | -7/Lower Caves Mutant | -7/Zion Scavenger-Tank | -7/Deep Caves Resources | -11 -10 -10 -10 -9 -8 -8 -8 -7 -7 -7 -7 -7 -7 -7 ----------- Run | Yrd Mat Min Exi Min Mat Sto Gar Fac Was Fac Low Low Zio Dee Matter Collected 6393 | 266 894 10 . 66 2191 744 681 123 50 516 220 16 . 616 Remotely . | . . . . . . . . . . . . . . . Salvage Created 9454 | 43 817 . . 121 2411 727 949 571 529 1497 234 185 . 1370 Parts 427 | 7 44 . . 16 119 33 63 16 2 90 7 12 . 18 Haulers Intercepted 12 | . 1 . . . 6 1 . 1 . 3 . . . . Recyclers Shooed 6 | . 1 . . . 3 . . . . 2 . . . . Parts Field Recycled . | . . . . . . . . . . . . . . . Retrieved Matter . | . . . . . . . . . . . . . . . Parts Self-Destructed 20 | . . . . . . . . . . . 10 10 . . Prevented 2 | . . . . . . . . . . . 2 . . . Parts Restored . | . . . . . . . . . . . . . . . Kills | -11 -10 -10 -10 -9 -8 -8 -8 -7 -7 -7 -7 -7 -7 -7 ------- Run | Yrd Mat Min Exi Min Mat Sto Gar Fac Was Fac Low Low Zio Dee Combat Hostiles Destroyed 201 | . 18 . . 6 33 13 29 11 1 22 6 4 . 58 Melee 1 | . . . . . . . . . . . . . . 1 Guns 126 | . 18 . . 6 33 13 29 9 1 7 6 4 . . Cannons 33 | . . . . . . . . . . 11 . . . 22 AOE 36 | . . . . . . . . 1 . 2 . . . 33 Classes Destroyed 23 | 1 6 . . . 5 . 1 1 1 4 . 1 . 3 Worker 13 | . 2 . . 1 3 . . 1 . 6 . . . . Builder 4 | . 1 . . . 2 . . . . 1 . . . . Tunneler 3 | 3 . . . . . . . . . . . . . . Hauler 12 | . 1 . . . 6 1 . 1 . 3 . . . . Recycler 5 | . . . . . 2 . . . . 3 . . . . Operator 3 | . . . . . 3 . . . . . . . . . Watcher 9 | . 2 . . . 5 . . . . 2 . . . . Swarmer 31 | . 3 . . 6 3 . 13 . . . 3 3 . . Grunt 68 | . 15 . . . 20 7 9 7 . 8 2 . . . Brawler 2 | . . . . . . . 2 . . . . . . . Duelist 4 | . . . . . 1 1 . 1 . . 1 . . . Protector 1 | . . . . . . . . . . 1 . . . . Sentry 19 | . . . . . 8 5 4 1 . 1 . . . . Demolisher 2 | . . . . . . . . . . 2 . . . . Specialist 2 | . . . . . . . . . . 2 . . . . Hunter 6 | . . . . . 1 . 1 1 . 2 . 1 . . Programmer 6 | . . . . . . . . 1 . 5 . . . . Heavy 1 | . . . . . . . . . . 1 . . . . Compactor 1 | . . . . . . . . . 1 . . . . . Z-Light 7 | . . . . . . . . . . . . . . 7 Samaritan 1 | . . . . . . . . . . . . 1 . . Assembled 50 | . . . . . . . . . . . . . . 50 Golem 1 | . . . . . . . . . . . . . . 1 Butcher 1 | . . . . . . . . . . 1 . . . . Best Kill Streak 44 | 2 3 . . 4 8 8 7 4 1 9 3 3 . 44 Combat Bots Only 44 | . 3 . . 3 6 8 7 4 1 6 3 3 . 44 Max Kills in Single Turn 6 | 1 2 . . 2 2 1 3 3 1 6 1 4 . 4 Gunslinging 2 | . 1 . . 1 1 . 2 . . . . . . . Exploded 4 | . . . . . . . . 1 . 2 . . . 4 Melee 1 | . . . . . . . . . . . . . . 1 Uniques/NPCs Destroyed 1 | . . . . . . . . . . . . . . 1 Z-Imprinter (-7/Deep Caves) Combat | -11 -10 -10 -10 -9 -8 -8 -8 -7 -7 -7 -7 -7 -7 -7 -------- Run | Yrd Mat Min Exi Min Mat Sto Gar Fac Was Fac Low Low Zio Dee Hostile Shots Fired 824 | . 83 . . 20 104 57 65 81 . 109 59 23 . 223 Missed 224 | . 24 . . 10 22 10 18 17 . 41 12 5 . 65 Hits 600 | . 59 . . 10 82 47 47 64 . 68 47 18 . 158 Melee 28 | . . . . . . 3 2 . . . 1 7 . 15 Projectile 572 | . 59 . . 10 82 44 45 64 . 68 46 11 . 143 AOE 4 | . . . . . . . . . . 4 . . . . Critical Strikes 17 | . . . . . 3 4 3 1 . 2 2 . . 2 Damage Taken 10738 | . 783 . . 78 1315 784 752 1019 . 1411 752 196 . 3648 Core 1216 | . 108 . . 18 257 47 74 33 . 196 112 16 . 355 Absorbed by Shields . | . . . . . . . . . . . . . . . Redirected to Shielding 61 | . . . . . 61 . . . . . . . . . Ignored by Resistances 413 | . . . . . . . . . . . . . . 413 Regen/Repaired (Parts) 412 | . . . . . . . . . 78 334 . . . . Core Remaining (%) 60 | 100 . . . 49 . . 31 . . . . . . . Volleys Fired 507 | 3 69 . . 12 145 40 78 21 5 61 19 14 3 37 Largest 3 | 2 2 . . 2 3 3 3 3 3 3 3 3 1 3 Hottest 240 | 60 60 . . 60 80 75 240 240 240 240 101 171 105 181 Shots Fired 1337 | 6 136 . . 24 435 116 196 63 15 152 55 33 3 103 Gun 1160 | 6 136 . . 24 435 116 196 63 15 99 38 23 . 9 Cannon 149 | . . . . . . . . . . 53 17 10 3 66 Launcher 28 | . . . . . . . . . . . . . . 28 Special . | . . . . . . . . . . . . . . . Kinetic 945 | 3 67 . . 12 432 116 136 . . 64 38 23 . 54 Thermal 364 | 3 69 . . 12 3 . 60 63 15 88 17 10 3 21 Explosive . | . . . . . . . . . . . . . . . Electromagnetic 28 | . . . . . . . . . . . . . . 28 Robot Hit Streak 16 | 3 11 . . 3 12 8 10 13 13 16 6 4 . 15 Robot Miss Streak 9 | . 3 . . 2 7 2 9 5 2 5 4 7 . 8 Penetration Max 1 | . . . . . . . . . . 1 1 1 . . Secondary Targets 26 | . 1 . . 1 5 7 9 2 . . 1 . . . Max Gunslinging Chain 2 | . 1 . . 1 1 1 2 1 . . 1 . . . Autonomous 66 | . . . . . . . . . . 12 . . . 54 Shots Hit Robots 762 | 3 97 . . 11 231 81 75 54 12 107 25 11 . 55 Core Hits 462 | 3 44 . . 7 98 28 49 46 7 60 8 7 . 105 Critical Kills 3 | . . . . . 1 . . . . 1 . . . 1 Critical Parts Destroyed 6 | . 1 . . . . . . . . 1 3 1 . . Critical Strikes 16 | . 1 . . . 1 . . . . 3 3 1 . 7 Meltdown 1 | . . . . . . . . . . . . . . 1 Destroy 8 | . 1 . . . 1 . . . . 2 3 1 . . Blast 7 | . . . . . . . . . . 1 . . . 6 Melee Attacks 6 | . . . . . . . . . . . . . 1 5 Impact . | . . . . . . . . . . . . . . . Slashing . | . . . . . . . . . . . . . . . Piercing 6 | . . . . . . . . . . . . . 1 5 Sneak Attacks . | . . . . . . . . . . . . . . . Combat Hostiles . | . . . . . . . . . . . . . . . Follow-up Attacks . | . . . . . . . . . . . . . . . Damage Inflicted 21690 | 40 1174 . . 181 3881 1373 1609 1627 396 4238 704 464 . 6003 Guns 12931 | 40 1174 . . 181 3881 1373 1609 1344 396 1861 578 336 . 158 Cannons 5648 | . . . . . . . . . . 1840 126 128 . 3554 Explosions 3068 | . . . . . . . . 283 . 537 . . . 2248 Melee 43 | . . . . . . . . . . . . . . 43 Ramming . | . . . . . . . . . . . . . . . Kinetic 13134 | 40 668 . . 112 3846 1373 771 . . 2021 578 336 . 3389 Thermal 6378 | . 506 . . 69 35 . 838 1627 396 2217 126 128 . 436 Explosive . | . . . . . . . . . . . . . . . Electromagnetic 2135 | . . . . . . . . . . . . . . 2135 Impact . | . . . . . . . . . . . . . . . Slashing . | . . . . . . . . . . . . . . . Piercing 43 | . . . . . . . . . . . . . . 43 Highest Corruption 1 | . . . . . . . . . . 1 1 1 1 . Average Corruption 1 | . . . . . . . . . . 1 1 1 1 . Corruption Purged . | . . . . . . . . . . . . . . . Corruption Blocked . | . . . . . . . . . . . . . . . Effects 27 | . . . . . . . . . . 11 9 6 1 . Message Errors 6 | . . . . . . . . . . 5 . 1 . . Matter Fused 5 | . . . . . . . . . . 3 2 . . . Heat Flow Errors 5 | . . . . . . . . . . 2 1 2 . . Energy Discharges 2 | . . . . . . . . . . . 1 1 . . Data Loss (minor) 6 | . . . . . . . . . . 1 2 2 1 . Data Loss (major) 1 | . . . . . . . . . . . 1 . . . Misfires 1 | . . . . . . . . . . . 1 . . . Alerts 1 | . . . . . . . . . . . 1 . . . Overload Shots 6 | . . . . . . . . . . . . 3 3 . Overflow Damage 813 | . . . . . . . . 49 . 334 . . . 430 Projectiles 605 | . . . . . . . . . . 194 . . . 411 Explosions 208 | . . . . . . . . 49 . 140 . . . 19 Melee . | . . . . . . . . . . . . . . . Knockbacks 17 | . . . . . . . . . . 5 . . . 12 Impact . | . . . . . . . . . . . . . . . Kinetic 15 | . . . . . . . . . . 4 . . . 11 Secondary 2 | . . . . . . . . . . 1 . . . 1 Self-Inflicted Damage 301 | . . . . . . . 64 237 . . . . . . Shots 4 | . . . . . . . 1 3 . . . . . . Rammed . | . . . . . . . . . . . . . . . Targets Rammed . | . . . . . . . . . . . . . . . Kicked . | . . . . . . . . . . . . . . . Crushed . | . . . . . . . . . . . . . . . Highest Temperature 387 | . 78 . . . 341 292 266 324 78 147 320 321 . 387 Average Temperature 83 | . 27 . . . 97 110 87 114 38 40 124 115 . 46 Received Heat Transfer 2936 | . 399 . . . 603 351 333 321 . 123 216 . . 590 Effects 5 | . . . . . 5 . . . . . . . . . Shutdowns 1 | . . . . . 1 . . . . . . . . . Energy Bleed 1 | . . . . . 1 . . . . . . . . . Interference 3 | . . . . . 3 . . . . . . . . . Siege Activations . | . . . . . . . . . . . . . . . Martial Activations . | . . . . . . . . . . . . . . . Shielding Activations . | . . . . . . . . . . . . . . . Robots Disrupted . | . . . . . . . . . . . . . . . Combat Hostiles . | . . . . . . . . . . . . . . . Robots Corrupted 1 | . . . . . . . . . . . . . . 1 Combat Hostiles 1 | . . . . . . . . . . . . . . 1 Parts Fried 2 | . . . . . . . . . . . . . . 2 Impact Corruptions 2 | . . . . . . . . . . 1 . . . 1 Robots Melted 4 | . . . . . . . . 1 . 2 . . . 1 Combat Hostiles 4 | . . . . . . . . 1 . 2 . . . 1 Parts Melted 26 | . . . . . . . 3 10 2 6 . . . 5 Heat Transferred 11256 | . 1150 . . 150 75 . 1925 3034 900 3107 200 180 . 535 Parts Sabotaged . | . . . . . . . . . . . . . . . Parts Stolen 4 | . . . . . . . . . . . . 4 . . Parts Stripped . | . . . . . . . . . . . . . . . Power Chain Reactions 3 | . . . . . . . . . . . . . . 3 Alert | -11 -10 -10 -10 -9 -8 -8 -8 -7 -7 -7 -7 -7 -7 -7 ------- Run | Yrd Mat Min Exi Min Mat Sto Gar Fac Was Fac Low Low Zio Dee Maximum Alert Level 4 | . . . . . 2 2 4 3 1 2 . . . . Low Security (%) 46 | 100 100 100 . 100 53 44 . . 46 31 . . . . Level 1 22 | . . . . . 29 43 15 . 53 46 . . . . Level 2 19 | . . . . . 17 11 26 55 . 22 . . . . Level 3 9 | . . . . . . . 41 44 . . . . . . Level 4 2 | . . . . . . . 17 . . . . . . . Level 5 . | . . . . . . . . . . . . . . . High Security . | . . . . . . . . . . . . . . . Max Security . | . . . . . . . . . . . . . . . Peak Influence 1471 | 5 159 52 . 115 481 417 1471 859 290 450 . . . . Initial 772 | . . 52 . . 25 193 258 772 290 77 . . . . Average 298 | 1 51 8 . 79 196 260 791 685 201 242 . . . . Influence Increases 5585 | 15 618 . . 145 1035 354 1243 569 . 1336 170 100 . . Destroy 0b10 Robot/C 3020 | . 360 . . 120 660 260 580 220 . 620 120 80 . . Destroy 0b10 Robot/NC 270 | 15 30 . . 5 105 5 . 10 . 100 . . . . Destroy Leader 648 | . 86 . . 20 192 72 60 52 . 126 20 20 . . Allied During Kill 324 | . . . . . . . . . . 324 . . . . Successful Hack 143 | . 52 . . . 24 12 28 11 . 16 . . . . Select Force Hacks 60 | . 60 . . . . . . . . . . . . . Disable Machine 405 | . . . . . 30 . 75 180 . 120 . . . . Anti-Garrison Action 400 | . . . . . . . 400 . . . . . . . Destroy Structure 210 | . . . . . 9 5 85 81 . 30 . . . . Lose Combat Pursuer 105 | . 30 . . . 15 . 15 15 . . 30 . . . Influence Decreases 5585 | 15 483 135 . 80 643 414 169 1209 721 1021 590 105 . . Entered New Map 1959 | . . 83 . . 40 264 139 699 541 33 158 2 . . Time Decay 3126 | 15 463 52 . 80 583 130 . 470 180 628 422 103 . . Lost Part 150 | . 20 . . . 10 20 30 40 . 20 10 . . . Lost Ally 350 | . . . . . 10 . . . . 340 . . . . Squads Dispatched 24 | . 4 . . . 5 2 . 5 . 8 . . . . Investigation 6 | . 3 . . . 2 . . . . 1 . . . . Extermination 5 | . . . . . . . . 2 . 3 . . . . Reinforcement 8 | . 1 . . . 3 . . 1 . 3 . . . . Assault 3 | . . . . . . . . 2 . 1 . . . . Garrison 2 | . . . . . . 2 . . . . . . . . Intercept . | . . . . . . . . . . . . . . . Searches Triggered . | . . . . . . . . . . . . . . . Construction Impeded . | . . . . . . . . . . . . . . . Haulers Reinforced 2 | . . . . . . . . 1 . 1 . . . . Active Scanning Responses . | . . . . . . . . . . . . . . . Cargo Convoy Interrupts 1 | . . . . . . . . . . 1 . . . . Stealth | -11 -10 -10 -10 -9 -8 -8 -8 -7 -7 -7 -7 -7 -7 -7 --------- Run | Yrd Mat Min Exi Min Mat Sto Gar Fac Was Fac Low Low Zio Dee Distress Signals 6 | . 1 . . . 2 1 . 1 . 1 . . . . Communications Jammed . | . . . . . . . . . . . . . . . Distress Signals . | . . . . . . . . . . . . . . . Times Spotted 284 | . 31 . . 6 48 14 33 17 1 45 8 8 . 73 Peak Tracking Total 34 | . 5 . . 3 4 6 3 6 1 11 4 4 . 34 Tactical Retreats 8 | . 1 . . . 1 . 1 1 . . 2 . . 2 Traps | -11 -10 -10 -10 -9 -8 -8 -8 -7 -7 -7 -7 -7 -7 -7 ------- Run | Yrd Mat Min Exi Min Mat Sto Gar Fac Was Fac Low Low Zio Dee Traps Triggered 11 | . 4 . . . 1 . 3 1 . 2 . . . . Indirectly . | . . . . . . . . . . . . . . . Trap Hack Attempts . | . . . . . . . . . . . . . . . Triggered . | . . . . . . . . . . . . . . . Disarmed . | . . . . . . . . . . . . . . . Reprogrammed . | . . . . . . . . . . . . . . . Reused . | . . . . . . . . . . . . . . . Traps Extracted . | . . . . . . . . . . . . . . . Installed 3 | . . . . . . . . . . . 3 . . . Triggered . | . . . . . . . . . . . . . . . Machines | -11 -10 -10 -10 -9 -8 -8 -8 -7 -7 -7 -7 -7 -7 -7 ---------- Run | Yrd Mat Min Exi Min Mat Sto Gar Fac Was Fac Low Low Zio Dee Machines Disabled 39 | . . . . . 2 . 13 12 . 8 . . 3 1 Max in Single Turn 12 | . . . . . 1 . 2 12 . 7 . . 1 1 Garrison Relay 4 | . . . . . . . 4 . . . . . . . Phase Generator 1 | . . . . . . . 1 . . . . . . . Machines Repaired . | . . . . . . . . . . . . . . . Machines Dismantled . | . . . . . . . . . . . . . . . Machines Sabotaged . | . . . . . . . . . . . . . . . Overloaded Fab Kills . | . . . . . . . . . . . . . . . Hacking | -11 -10 -10 -10 -9 -8 -8 -8 -7 -7 -7 -7 -7 -7 -7 --------- Run | Yrd Mat Min Exi Min Mat Sto Gar Fac Was Fac Low Low Zio Dee Machines Accessed 45 | . 8 . 2 . 14 5 3 5 . 8 . . . . Terminals 32 | . 6 . . . 9 4 3 4 . 6 . . . . Fabricators . | . . . . . . . . . . . . . . . Repair Stations 2 | . . . . . 1 . . . . 1 . . . . Recycling Units 4 | . 2 . . . 2 . . . . . . . . . Scanalyzers 4 | . . . . . 2 . . 1 . 1 . . . . Garrison Access 1 | . . . . . . 1 . . . . . . . . Total Hacks 100 | . 25 . 2 . 36 9 4 10 . 14 . . . . Successful 52 | . 15 . 2 . 16 9 2 4 . 4 . . . . Failed 46 | . 10 . . . 19 . 2 5 . 10 . . . . Catastrophic 11 | . 1 . . . 3 . 1 2 . 4 . . . . Database Lockouts 2 | . . . . . 1 . . 1 . . . . . . Manual 62 | . 21 . 1 . 25 5 . 4 . 5 . . 1 . Terminals 72 | . 18 . . . 26 8 4 7 . 9 . . . . Fabricators . | . . . . . . . . . . . . . . . Repair Stations 6 | . . . . . 2 . . . . 4 . . . . Recycling Units 11 | . 7 . . . 4 . . . . . . . . . Scanalyzers 8 | . . . . . 4 . . 3 . 1 . . . . Garrison Access 1 | . . . . . . 1 . . . . . . . . Terminal Hacks 16 | . 2 . 2 . 2 5 2 1 . 2 . . . . Record 2 | . . . 1 . . . . . . 1 . . . . Open Door 2 | . . . . . . 2 . . . . . . . . Branch Access Points 2 | . . . . . . . . 1 . 1 . . . . Emergency Access Points 1 | . . . . . . . 1 . . . . . . . Garrison Index 1 | . . . . . 1 . . . . . . . . . Registered Components 2 | . 1 . . . . 1 . . . . . . . . Zone Layout 4 | . 1 . . . 1 2 . . . . . . . . Garrison Registry 1 | . . . . . . . 1 . . . . . . . Proto ID Catalog 1 | . . . 1 . . . . . . . . . . . Fabricator Hacks . | . . . . . . . . . . . . . . . Repair Station Hacks . | . . . . . . . . . . . . . . . Recycling Unit Hacks 3 | . 2 . . . 1 . . . . . . . . . Retrieve Components 3 | . 2 . . . 1 . . . . . . . . . Scanalyzer 6 | . . . . . 3 . . 2 . 1 . . . . Insert Component 1 | . . . . . 1 . . . . . . . . . Analyze 1 | . . . . . 1 . . . . . . . . . Retrieve Study 4 | . . . . . 1 . . 2 . 1 . . . . Garrison Access Hacks 1 | . . . . . . 1 . . . . . . . . Unlock Access 1 | . . . . . . 1 . . . . . . . . Unauthorized Hacks 26 | . 11 . . . 10 3 . 1 . 1 . . . . Terminals 23 | . 9 . . . 10 3 . 1 . . . . . . Assimilate 3 | . . . . . 3 . . . . . . . . . Botnet 7 | . 3 . . . 2 1 . 1 . . . . . . Skim 13 | . 6 . . . 5 2 . . . . . . . . Fabricators . | . . . . . . . . . . . . . . . Repair Stations 1 | . . . . . . . . . . 1 . . . . Patch 1 | . . . . . . . . . . 1 . . . . Recycling Units 2 | . 2 . . . . . . . . . . . . . Tunnel 2 | . 2 . . . . . . . . . . . . . Scanalyzers . | . . . . . . . . . . . . . . . Garrison Access . | . . . . . . . . . . . . . . . Data Cores Recovered 1 | . . . . . 1 . . . . . . . . . Used . | . . . . . . . . . . . . . . . Hacking Detections 30 | . 5 . . . 12 3 2 3 . 5 . . . . Full Trace Events 1 | . . . . . 1 . . . . . . . . . Feedback Events . | . . . . . . . . . . . . . . . Feedback Blocked . | . . . . . . . . . . . . . . . Robot Schematics Acquired 3 | . . . . . . . . . . . . . 3 . Robots Built . | . . . . . . . . . . . . . . . Authchips . | . . . . . . . . . . . . . . . Time . | . . . . . . . . . . . . . . . Total Robot Build Rating . | . . . . . . . . . . . . . . . Part Schematics Acquired 15 | . . . . . 1 . . . . . . . 14 . Parts Built . | . . . . . . . . . . . . . . . Authchips . | . . . . . . . . . . . . . . . Time . | . . . . . . . . . . . . . . . Total Part Build Rating . | . . . . . . . . . . . . . . . Part Studies Acquired 3 | . . . . . 1 . . 2 . . . . . . Parts Repaired . | . . . . . . . . . . . . . . . Time . | . . . . . . . . . . . . . . . Parts Recycled . | . . . . . . . . . . . . . . . Recycled Matter . | . . . . . . . . . . . . . . . Retrieved Matter . | . . . . . . . . . . . . . . . Retrieved Components 27 | . 18 . . . 9 . . . . . . . . . Parts Scanalyzed 1 | . . . . . 1 . . . . . . . . . Part Schematics Acquired 1 | . . . . . 1 . . . . . . . . . Parts Damaged . | . . . . . . . . . . . . . . . Bothacking | -11 -10 -10 -10 -9 -8 -8 -8 -7 -7 -7 -7 -7 -7 -7 ------------ Run | Yrd Mat Min Exi Min Mat Sto Gar Fac Was Fac Low Low Zio Dee Used RIF Installer . | . . . . . . . . . . . . . . . Robots Hacked . | . . . . . . . . . . . . . . . Non-combat . | . . . . . . . . . . . . . . . Combat . | . . . . . . . . . . . . . . . Robot Hacks Applied . | . . . . . . . . . . . . . . . Relay Couplers Released 15 | . . . . . . . 15 . . . . . . . Machine Destruction 15 | . . . . . . . 15 . . . . . . . Fabnet Peak Effective % . | . . . . . . . . . . . . . . . Robots Rewired . | . . . . . . . . . . . . . . . Allies Hacked 2 | . . . . . . . . . . 2 . . . . Hacks Repelled . | . . . . . . . . . . . . . . . Allies | -11 -10 -10 -10 -9 -8 -8 -8 -7 -7 -7 -7 -7 -7 -7 -------- Run | Yrd Mat Min Exi Min Mat Sto Gar Fac Was Fac Low Low Zio Dee Total Allies 28 | . . . . . 1 . . . 20 . . . 7 . Largest Group 20 | . . . . . 1 . . . 20 20 . . 7 7 Highest-Rated Group 532 | . . . . . 26 . . . 532 532 . . 325 325 Highest-Rated Ally 96 | . . . . . 26 . . . 31 31 . . 96 96 Initial Warlord ECA Mod 9 | . . . . . . . . 9 9 9 9 9 9 9 Total Orders . | . . . . . . . . . . . . . . . Ally Attacks 217 | . . . . . . . . . 16 139 . . . 62 Total Damage 3235 | . . . . . . . . . 263 1905 . . . 1067 Kills 20 | . . . . . . . . . . 14 . . . 6 Allies Corrupted 1 | . . . . . . . . . . 1 . . . . Allies Melted . | . . . . . . . . . . . . . . . Intel | -11 -10 -10 -10 -9 -8 -8 -8 -7 -7 -7 -7 -7 -7 -7 ------- Run | Yrd Mat Min Exi Min Mat Sto Gar Fac Was Fac Low Low Zio Dee Active Infowar (turns) 10583 | 12 1780 358 518 169 377 . . . . . 982 1135 1727 3525 Optics 3933 | . . . . . . . . . . . . . 482 3451 Sensors 3363 | . . . . . . . . . . . 982 1135 1246 . Seismic 3214 | 12 1780 358 518 169 377 . . . . . . . . . Cloaking 452 | . . . . . . . . . . . . . . 452 Robot Analysis Total . | . . . . . . . . . . . . . . . Derelict Logs Recovered 5 | . . 2 . . . . . . . . 1 1 1 . Drone Launches . | . . . . . . . . . . . . . . . Drone Recoveries . | . . . . . . . . . . . . . . . Exploration | -11 -10 -10 -10 -9 -8 -8 -8 -7 -7 -7 -7 -7 -7 -7 ------------- Run | Yrd Mat Min Exi Min Mat Sto Gar Fac Was Fac Low Low Zio Dee Turns Passed 18407 | 114 1780 358 518 169 2738 264 1220 1196 373 2160 1026 1135 1727 3629 Spaces Moved 8079 | 63 597 170 357 121 1284 86 628 631 179 1120 421 440 936 1046 Core 12 | 12 . . . . . . . . . . . . . . Treads 7194 | 51 597 170 256 . 1108 86 628 631 179 1120 421 440 936 571 Legs 475 | . . . . . . . . . . . . . . 475 Wheels 398 | . . . 101 121 176 . . . . . . . . . Hover . | . . . . . . . . . . . . . . . Flight . | . . . . . . . . . . . . . . . Fastest Speed 50 | 50 160 160 95 95 95 155 155 158 160 160 160 246 166 245 Average Speed 194 | 139 227 209 141 95 149 155 158 168 169 160 225 246 179 324 Slowest Speed 890 | 160 240 240 160 95 240 212 240 200 200 240 246 246 246 890 Overloaded Moves . | . . . . . . . . . . . . . . . Propulsion Burnouts . | . . . . . . . . . . . . . . . Robots Hopped . | . . . . . . . . . . . . . . . Potential Cave-ins . | . . . . . . . . . . . . . . . Cave-ins Triggered . | . . . . . . . . . . . . . . . Exploration Rate (%) 57 | 5 91 53 69 16 93 19 83 13 86 34 63 60 86 86 Regions Visited 14 Branch Regions 8 Pre-discovered Areas 12 | . 3 2 1 . 2 . . . . . 1 . 3 . Known Exits Taken 6 | . . 1 1 . . 1 . . . 1 1 1 . . Unknown Exits Taken 5 | 1 1 . . 1 1 . . . . . . . 1 . Scrap Searched 7 | . . 1 . 1 . . . . . . 2 3 . . Spaces Dug 2 | . . . . . . . . . . . . 1 . 1 Terrain Destroyed 313 | . . . . . . . 131 96 . 41 22 10 . 13 Melee 1 | . . . . . . . . . . . . . . 1 Projectile 65 | . . . . . . . . . . 21 22 10 . 12 AOE 246 | . . . . . . . 130 96 . 20 . . . . Terrain Rammed . | . . . . . . . . . . . . . . . Walls Destroyed . | . . . . . . . . . . . . . . . Machines Disabled . | . . . . . . . . . . . . . . . Actions | -11 -10 -10 -10 -9 -8 -8 -8 -7 -7 -7 -7 -7 -7 -7 --------- Run | Yrd Mat Min Exi Min Mat Sto Gar Fac Was Fac Low Low Zio Dee Total 10002 | 84 888 171 372 150 1931 175 763 717 239 1379 455 470 980 1228 Wait 870 | . 194 . . 18 367 37 8 49 36 104 2 2 22 31 Move 8066 | 62 596 169 356 120 1283 85 627 631 178 1119 420 439 935 1046 Hop . | . . . . . . . . . . . . . . . Pick Up 176 | 12 14 1 7 . 44 5 14 7 6 28 3 6 5 24 Fast Attach 37 | . . . . . 7 . 3 . 2 5 . . . 20 Attach 81 | 7 5 . 2 . 13 5 4 6 . 11 2 3 6 17 Detach 20 | . . . . . 3 . 1 . . 7 . 2 3 4 Swap 72 | . 4 1 1 . 19 . 15 1 5 12 3 . 3 8 Drop 164 | . 6 . 6 . 50 3 13 2 7 32 3 4 2 36 Fire 507 | 3 69 . . 12 145 40 78 21 5 61 19 14 3 37 Melee 6 | . . . . . . . . . . . . . 1 5 Ram . | . . . . . . . . . . . . . . . Kick . | . . . . . . . . . . . . . . . Crush . | . . . . . . . . . . . . . . . Escape Stasis . | . . . . . . . . . . . . . . . Rewire . | . . . . . . . . . . . . . . . Trap 3 | . . . . . . . . . . . 3 . . . Miscellaneous . | . . . . . . . . . . . . . . . Route ------- -11/Scrapyard -10/Materials (discovered 5 exits: *Mat x3 / [*Min] / [*Sub]) -10/Mines (discovered 3 exits: *Mat x2 / *Exi) -10/Exiles (discovered 2 exits: *Min x2) -9/Mines -8/Materials (discovered 4 exits: *Fac x3 / *Sto) -8/Storage -8/Garrison (discovered 3 exits: *Fac x3) -7/Factory (discovered 2 exits: *Low x2) -7/Waste -7/Factory (discovered 4 exits: *Fac x2 / *Low x2) -7/Lower Caves -7/Lower Caves -7/Zion (discovered 2 exits: [*Dee] / [*Pro]) -7/Deep Caves (discovered 1 exit: [*Pro]) History --------- Turn | Location | Event 18 | -11/Scrapyard | Discovered new exit (range 15) 115 | -11/Scrapyard | Entered Materials 317 | -10/Materials | Build established: Mutant 431 | -10/Materials | Discovered new exit (range 14) 496 | -10/Materials | Discovered new exit (range 13) 692 | -10/Materials | Discovered new exit (range 7) 1202 | -10/Materials | Discovered new exit (range 11) 1398 | -10/Materials | Discovered new exit (range 11) 1587 | -10/Materials | Learned 4 Recycling zone layouts 1650 | -10/Materials | Learned location of Recycling (-8) 1744 | -10/Materials | Learned Storage stockpile data 1777 | -10/Materials | Learned Storage emergency access door positions 1802 | -10/Materials | Learned Storage emergency access door positions 1837 | -10/Materials | Learned Storage emergency access door positions 1884 | -10/Materials | Learned location of 2 exits from Mines 1895 | -10/Materials | Entered Mines 1895 | -10/Mines | Discovered new exit (range 10) 1896 | -10/Mines | Identified exit to Exiles 1896 | -10/Mines | Identified exit to Materials 2123 | -10/Mines | Learned location of Zion (-7) 2235 | -10/Mines | Assembled infested the area 2240 | -10/Mines | Assisted by a Guerilla fighting off Assembled 2247 | -10/Mines | Deemed a non-threat by the Exiles lab entrance 2253 | -10/Mines | Entered Exiles 2254 | -10/Exiles | Identified exit to Mines 2309 | -10/Exiles | Met 8R-AWN 2333 | -10/Exiles | Met EX-HEX 2406 | -10/Exiles | Met EX-DEC 2571 | -10/Exiles | Met EX-BIN 2617 | -10/Exiles | Aligned with FarCom system 2619 | -10/Exiles | Given EX-Vault access code 2656 | -10/Exiles | Opened EX-Vault 2675 | -10/Exiles | Found Cloak of Protection 2680 | -10/Exiles | Found AWS/Autocannon 2684 | -10/Exiles | Found Superbattery 2703 | -10/Exiles | Warned to stay clear of 0b10 Research branches 2771 | -10/Exiles | Stole three prototypes: Superbattery, Cloak of Protection, AWS/Autocannon 2771 | -10/Exiles | Entered Mines 2782 | -9/Mines | Core integrity fell below 50% 2798 | -9/Mines | Discovered new exit (range 4) 2940 | -9/Mines | Entered Materials 2940 | -8/Materials | Evolved 4 slots: Power x1, Propulsion x1, Utility x1, Weapon x1 3116 | -8/Materials | Discovered new exit (range 6) 3723 | -8/Materials | Build established: Scavenger-Skirmisher 4104 | -8/Materials | Discovered new exit (range 11) 4428 | -8/Materials | Central database locked down 4729 | -8/Materials | Identified exit to Factory 4815 | -8/Materials | Learned Factory emergency access door positions 4875 | -8/Materials | Learned location of Lower Caves (-7) 4896 | -8/Materials | Learned Storage trap positions 4927 | -8/Materials | Learned 4 Recycling zone layouts 5667 | -8/Materials | Build established: Skirmisher 5678 | -8/Materials | Entered Storage 5679 | -8/Storage | Loaded intel: 14 trap records 5680 | -8/Storage | FarCom data flow suspended 5756 | -8/Storage | Garrison activated, responded to threat 5857 | -8/Storage | Core integrity fell below 50% 5928 | -8/Storage | Destroyed 8 combat bots 5933 | -8/Storage | Identified exit to Garrison 5942 | -8/Storage | Entered Garrison 6116 | -8/Garrison | Triggered checkpoint 6141 | -8/Garrison | Garrison Relay disabled 6180 | -8/Garrison | Triggered checkpoint 6288 | -8/Garrison | Triggered checkpoint 6358 | -8/Garrison | Triggered checkpoint 6388 | -8/Garrison | Garrison Relay disabled 6432 | -8/Garrison | Discovered exit to Factory (range 12) 6436 | -8/Garrison | Triggered checkpoint 6483 | -8/Garrison | Destroyed 7 combat bots 6506 | -8/Garrison | Build established: Gunner 6534 | -8/Garrison | Triggered checkpoint 6620 | -8/Garrison | Triggered checkpoint 6672 | -8/Garrison | Triggered checkpoint 6726 | -8/Garrison | Phase Generator disabled 6783 | -8/Garrison | Garrison Relay disabled 6853 | -8/Garrison | Discovered exit to Factory (range 10) 6924 | -8/Garrison | Triggered checkpoint 6991 | -8/Garrison | Discovered exit to Factory (range 37) 6991 | -8/Garrison | Discovered exit to Factory (range 31) 6991 | -8/Garrison | Discovered exit to Factory (range 81) 7015 | -8/Garrison | Garrison Relay disabled 7162 | -8/Garrison | Entered Factory 7162 | -7/Factory | Evolved 2 slots: Propulsion x1, Utility x1 7562 | -7/Factory | First assault squad dispatched 7601 | -7/Factory | Central database locked down 7618 | -7/Factory | Identified exit to Lower Caves 7677 | -7/Factory | Build established: Scavenger-Gunner 8358 | -7/Factory | Sucked down chute 8358 | -7/Factory | Entered Waste 8359 | -7/Waste | Joined by Warlord forces that had cleared the area 8548 | -7/Waste | A Compactor rumbled back to life 8552 | -7/Waste | Destroyed C-40 Crusher 8578 | -7/Waste | Discovered new exit (range 16) 8731 | -7/Waste | Entered Factory 8731 | -7/Factory | Accompanied by 20 allies 8731 | -7/Factory | Discovered new exit (range 14) 8741 | -7/Factory | Build established: Scavenger-Tank 8910 | -7/Factory | Lost 8 allies 9447 | -7/Factory | Cargo convoy interrupted 9498 | -7/Factory | Lost 9 allies 9854 | -7/Factory | Build established: Tank 9861 | -7/Factory | Discovered new exit (range 15) 9930 | -7/Factory | Identified exit to Factory 10731 | -7/Factory | First assault squad dispatched 10837 | -7/Factory | Allied Derelicts emerged from ambush trap array 10891 | -7/Factory | Entered Lower Caves 10955 | -7/Lower Caves | Met a Warlord Commander 10956 | -7/Lower Caves | Learned location of Warlord (-4) 10957 | -7/Lower Caves | Warlord Commander delivered Encrypted Comm Array 10958 | -7/Lower Caves | Found Encrypted Comm Array 11606 | -7/Lower Caves | Learned Factory terminal intel 11877 | -7/Lower Caves | Discovered new exit (range 8) 11889 | -7/Lower Caves | Identified exit to Lower Caves 11917 | -7/Lower Caves | Entered another Lower Caves area 11919 | -7/Lower Caves | Core integrity fell below 50% 12676 | -7/Lower Caves | Found Alien Artifact 12677 | -7/Lower Caves | Identified Core Expander 12677 | -7/Lower Caves | Installed Core Expander, added new Power slot 12911 | -7/Lower Caves | Learned Factory stockpile data 12935 | -7/Lower Caves | Spotted XA-MJX(f) 12936 | -7/Lower Caves | Encountered a Master Thief 12937 | -7/Lower Caves | Spotted 6J-K68(f) 12938 | -7/Lower Caves | Encountered a Master Thief 12938 | -7/Lower Caves | Spotted XR-04K(f) 12939 | -7/Lower Caves | Encountered a Master Thief 12939 | -7/Lower Caves | Graphene Brace stolen by Master Thief 12939 | -7/Lower Caves | Imp. Coolant Injector stolen by Master Thief 12939 | -7/Lower Caves | Spotted X0-C8I(f) 12940 | -7/Lower Caves | Encountered a Master Thief 12940 | -7/Lower Caves | Enh. Fission Core stolen by Master Thief 12949 | -7/Lower Caves | Imp. KE Penetrator stolen by Master Thief 12989 | -7/Lower Caves | Discovered new exit (range 5) 13001 | -7/Lower Caves | Identified exit to Zion 13052 | -7/Lower Caves | Entered Zion 13136 | -7/Zion | System corruption cleaned by Quarantine Array 13190 | -7/Zion | Gained Derelict followers 13243 | -7/Zion | Build established: Mutant 13455 | -7/Zion | Discovered new exit (range 9) 13596 | -7/Zion | Learned 8 Factory zone layouts 13726 | -7/Zion | Given A8's code to call for help 13762 | -7/Zion | Given the Hacking Drone Bay 13762 | -7/Zion | Found Prototype Device 13763 | -7/Zion | Identified Hacking Drone Bay 13937 | -7/Zion | Met Imprinter 14089 | -7/Zion | Found CR-A16's Pointy Stick 14210 | -7/Zion | Received a visual enhancement algorithm 14595 | -7/Zion | Build established: Scavenger-Mutant 14721 | -7/Zion | Enhanced Grunt warped into view, answering call for help 14721 | -7/Zion | Enhanced Grunt warped into view, answering call for help 14755 | -7/Zion | Discovered new exit (range 3) 14755 | -7/Zion | Saw the warning signs outside the Deep Caves entrance 14779 | -7/Zion | Entered Deep Caves 14779 | -7/Deep Caves | Accompanied by 7 allies 15015 | -7/Deep Caves | Build established: Scavenger-Tank 15358 | -7/Deep Caves | Attacked by Z-Imprinter 15365 | -7/Deep Caves | Allies destroyed Z-Imprinter 15452 | -7/Deep Caves | Found Prototype Protection 15453 | -7/Deep Caves | Identified Zio. Weapon Casing 15854 | -7/Deep Caves | Z-Facility disabled 15913 | -7/Deep Caves | Lost 4 parts (1p1n2w) 15918 | -7/Deep Caves | Lost 5 allies 15929 | -7/Deep Caves | Found Prototype Device 15929 | -7/Deep Caves | Identified Exp. Thermal Shield 16169 | -7/Deep Caves | Build established: Scavenger-Skirmisher 16716 | -7/Deep Caves | Found Prototype Protection 16716 | -7/Deep Caves | Identified Zio. Heavy Carapace 16746 | -7/Deep Caves | Found Zio. Weapon Casing 16897 | -7/Deep Caves | Found Exp. Thermal Shield 16929 | -7/Deep Caves | Found Zio. Weapon Casing 17016 | -7/Deep Caves | Build established: Scavenger-Tank 17463 | -7/Deep Caves | Discovered new exit (range 6) 18187 | -7/Deep Caves | Build established: Scavenger-Mutant 18205 | -7/Deep Caves | Spotted AG-60792 18243 | -7/Deep Caves | Destroyed AG-60792 18285 | -7/Deep Caves | Triggered Deep Caves wall 18288 | -7/Deep Caves | Spotted AS-11772 18291 | -7/Deep Caves | Exposed GOLEM chamber 18344 | -7/Deep Caves | Core integrity fell below 20% 18365 | -7/Deep Caves | Lost 6 parts (1p2n2u1w) 18375 | -7/Deep Caves | Spotted AG-23564 18388 | -7/Deep Caves | Found GOLEM Unit 18397 | -7/Deep Caves | Found GOLEM Unit 18401 | -7/Deep Caves | Found GOLEM Unit 18408 | -7/Deep Caves | Destroyed by AG-23564 with Assembled Focal Cannon Last Messages --------------- 18385_ AG-23564 knocked back. 18387_ as-87504 destroyed. 18388_ Acquired GOLEM Unit. 18389_ Destroyed Asb. Hover System. 18389_ as-26402 knocked back. 18390_ GOLEM Unit beginning Asb. Alloy Leg integration. 18391_ as-26402 suffers critical hit (Blast). 18391_ as-26402 destroyed. 18392_ A GOLEM Unit tumbles out of the Wall Chamber. 18393_ Destroyed Prototype Device. 18394_ AG-23564 GOLEM Unit beginning Prototype Device integration. 18395_ A GOLEM Unit tumbles out of the Wall Chamber. 18397_ Acquired GOLEM Unit. 18399_ AG-23564 suffers critical hit (Blast). 18399_ Destroyed Prototype Storage. 18401_ Acquired GOLEM Unit. 18403_ AG-23564 knocked back. 18405_ AG-51045 knocked back. 18407_ A GOLEM Unit tumbles out of the Wall Chamber. 18408_ AWS/Autocannon destroyed. Map ----- +----------------------------------------------------+ | ???????????????????????????????# #? | | ???????????????????????????????# #? | | ???????????????????????????????# #? | | ???????????????????????????????# #? | | ???????????????????????????????# #? | | ???????????????????????????????# #? | | ???????????????????????????????# #? | | ?????????? ???????????????????# #? | | ?????????? ?????????????????# #? | | ?????????" ?????????# #? | | ??????### == ###??????# #? | | ?????"" [ & # ????# #? | | ????? ! ##???# #? | | ??? ##??# #? | | ??? ] ???# ## | | ??" * = #???# # | | ??? ! ##??## | | ???? #???# | | ????? G #???# | | ??????? A ] #??## | | ????????# ]! ! #?## | | ???????"" ] [ #?# | | ???????" G h #?# | | ???????" s #?# | | ???????"G !] a ### # | | ???????""" @ = [ [ ## ## | | ????????# ## ##? | | ????????" ### ##? | | ????????" g ! ### ## | | ????????" # | | ????????""" # | | ????????" * a # | | ????????"" ####### | | ????????" ####### | | ????????"" ### ## | | ????????" ; # #?# | | ????????" #### ## ## ##?## | | ????????""" ###??# ## ####???##### | | ?????????" ????###? #??????????? | | ?????????######????????#???????????? | | | | | | | | | | | | | | | | | | | | | +----------------------------------------------------+ Best States ------------- Heat Dissipation 88 Coolant Potential 80 Energy Generation 65 Energy Capacity 600 Matter Stores 300 Matter Capacity 300 Sight Range 20 Robot Scan Range 15 Terrain Scan Density 10 Cloak Strength 5 Armor Coverage 225 Resistance: TH 30 Propulsion Shielding 66 Weapon Cycling 15 Evasion (%) 50 Recoil Reduction 4 Offensive Hacking 20 Item Schematics ----------------- Enh. Autogun | -8/Materials | Scanalyzed Drone Bay | -7/Zion | Archive Recalibrator | -7/Zion | Archive Matter Compressor | -7/Zion | Archive Adv. Drone Bay | -7/Zion | Archive Dynamic Insulation System | -7/Zion | Archive EM Shield | -7/Zion | Archive Component Analysis Suite | -7/Zion | Archive Proton Cannon | -7/Zion | Archive Magnetic Acceleration Cannon | -7/Zion | Archive Shock Absorption System | -7/Zion | Archive Plasma Rifle | -7/Zion | Archive Hvy. Laser | -7/Zion | Archive Tesla Rifle | -7/Zion | Archive Tiamat Missile Launcher | -7/Zion | Archive Robot Schematics ------------------ S-27 Virus | -7/Zion | Archive Y-45 Defender | -7/Zion | Archive I-25 Savior | -7/Zion | Archive Fabricated ------------ Nothing Repaired ---------- Nothing Studied --------- Adv. Treads | -8/Materials | Hacked Gatling Laser | -7/Factory | Hacked Lgt. Treads | -7/Factory | Hacked Alien Tech Used ----------------- Core Expander Achievements -------------- Bumper Bots I Like You, Cogmind That's One Door That Should Stay Closed Thread The Needle Around The Corner Challenges ------------ None Game ------ Seed GodRagnarokPower Manual? 0 Play Time 01:44:37 Cumulative 419.6 hours Start 2025.10.24 @ 20:44:51 End 2025.10.25 @ 06:33:55 Sessions 9 Manual Loads 0 Difficulty Rogue Special Mode None Game No. 544 Rogue 544 Adventurer 0 Explorer 0 Win Type - Total 12 Types 6/0/1/2/1/0/2/0/0/0 Lore% 89 Gallery% 84 Achievement% 52 Wizard Run 0 Options --------- Layout 0 ASCII 0 Keyboard 0 Movement Mouse Keybinds 0 Fullscreen 1 Font 24/Terminus Map View 76x50 Zoom Use 0% Tactical HUD 1 Map Filters NONE Filters NONE Steam 1 RUN: 7fcf7536-5148-4ec9-bc9e-bbc6f367e4bd